 Dungeon Crawl Stone Soup version 0.27-a0-1324-ge0d8e047f6 (webtiles) character file.

Game seed: 1135483567074289888

382 Delamore the Poker (level 7, -4/56 HPs)
             Began as a Formicid Fighter on June 23, 2021.
             Splashed by a jelly's acid (11 damage)
             ... on level 4 of the Dungeon.
             The game lasted 00:03:30 (4351 turns).

Delamore the Poker (Formicid Fighter)               Turns: 4351, Time: 00:03:31

Health: -4/56      AC: -5    Str: 22    XL:     7   Next: 5%
Magic:  7/7        EV:  8    Int:  8    God:
Gold:   227        SH:  9    Dex: 10    Spells: 6/6 levels left

rFire    . . .     SeeInvis +   e - +4 dagger (venom)
rCold    . . .     Faith    .   c - +0 kite shield
rNeg     . . .     Spirit   .   b - +0 scale mail
rPois    .         Reflect  .   (helmet unavailable)
rElec    .         Harm     .   h - scarf {repulsion}
rCorr    .         Rampage  .   (no gloves)
Will     .....                  (no boots)
Stlth    ..........             (no amulet)
HPRegen  0.18/turn              (no ring)
MPRegen  0.10/turn              (no ring)

@: corroded, repel missiles
A: permanent stasis, dig shafts and tunnels, antennae 3, four strong arms
a: Dig, Shaft Self


You were on level 4 of the Dungeon.
You visited 1 branch of the dungeon, and saw 4 of its levels.

You collected 227 gold pieces.

Inventory:

Hand Weapons
 a - a +0 trident
 e - a +4 dagger of venom (weapon)
Missiles
 f - 3 throwing nets
 j - 6 boomerangs of dispersal
 o - 7 poisoned darts (quivered)
Armour
 b - a +0 scale mail (worn)
 c - a +0 kite shield (worn)
 h - a scarf of repulsion (worn)
 t - a +0 plate armour
Jewellery
 g - a ring of magical power
Scrolls
 s - a scroll of amnesia
 u - a scroll of fear {unknown}
 v - a scroll of enchant armour {unknown}
Potions
 d - 2 potions of might
 i - a potion of ambrosia
 k - a potion of lignification {unknown}
 l - a potion of attraction {unknown}
 m - a potion of berserk rage {unknown}
 n - a potion of heal wounds {unknown}
 p - a potion of flight {unknown}
 q - a potion of magic {unknown}
 r - a potion of haste {unknown}


   Skills:
 - Level 5.0 Fighting
 * Level 6.1 Polearms
 - Level 3.2 Armour
 - Level 3.6 Shields


You had 6 spell levels left.
You didn't know any spells.
Your spell library contained the following spells:

 Spells                   Type           Power      Damage    Failure   Level
 Corona                   Hex            0%         N/A       98%         1
 Freeze                   Ice            0%         1d3       98%         1
 Ensorcelled Hibernation  Hex/Ice        0%         N/A       99%         2
 Confusing Touch          Hex            0%         N/A       100%        3
 Dazzling Flash           Conj/Hex       0%         N/A       100%        3
 Frozen Ramparts          Ice            0%         1d2       100%        3
 Ozocubu's Armour         Ice            0%         N/A       100%        3
 Tukima's Dance           Hex            0%         N/A       100%        3
 Hailstorm                Conj/Ice       0%         3d3       100%        4
 Metabolic Englaciation   Hex/Ice        0%         N/A       100%        5


Dungeon Overview and Level Annotations

Branches:
Dungeon (4/15)
 Temple: D:4-7

Altars:
Gozag
Zin


Innate Abilities, Weirdness & Mutations

You cannot be hasted, slowed, berserked, paralysed or teleported.
You can dig through walls and to a lower floor.
You have a pair of large antennae on your head. (SInv)
Your four strong arms can wield two-handed weapons with a shield.


Message History

No target in view!
No target in view!
No target in view!
You sense a monster nearby.
A jelly comes into view.
The jelly quivers.
A jelly is nearby!
The jelly hits you but does no damage.
You hit the jelly.
The jelly is poisoned.
The acid corrodes you!
Your hands burn!
The jelly is moderately wounded.
You block the jelly's attack.
You hit the jelly but do no damage.
Your hands burn!
The jelly is moderately wounded.
The jelly hits you.
You are splashed with acid!
You hit the jelly. The acid corrodes you!
Your hands burn!
The jelly is heavily wounded.
You block the jelly's attack.
You hit the jelly but do no damage.
Your hands burn!
The jelly is heavily wounded.
You block the jelly's attack. The jelly hits you.
You are splashed with acid!
You are too injured to fight recklessly!
You are too injured to fight recklessly!
You are too injured to fight recklessly!
You are too injured to fight recklessly!
You are too injured to fight recklessly!
A jelly is nearby!
You completely miss the jelly.
The jelly is heavily wounded.
The jelly hits you. The acid corrodes you!
You are splashed with acid!
* * * LOW HITPOINT WARNING * * *
There is a stone staircase leading down here.
The jelly looks more healthy.
You hit the jelly but do no damage.
Your hands burn!
* * * LOW HITPOINT WARNING * * *
The jelly is severely wounded.
The jelly hits you.
* * * LOW HITPOINT WARNING * * *
You are splashed with acid!
You die...

# #..(#####.# ##.###. #...# #.##
###.## #. #####
##.#######.#####..## ##
##...######.......##..##..## ##
#..##..#.##.#####.###....## ##.
.........)...###...#....## ##..
....#...)..###.#...>...### ###.##
.#.#.#..##.###...J###....###...#
#...##..###.###.@.###.#.......##
#...#....##.#..#.#.############
...#..........##..#..####
.........##.#.........#.#
.....##..#...#.........# ###
........(..#....).##..[# #####.##
...............#..#..#.###.......
..............##.....####........
.......##.....##.#..###.#..#.....


You could see a jelly.

Vanquished Creatures
  An ogre (D:4)
  A hound (D:4)
  An iguana (D:4)
  An orc wizard (D:3)
  7 gnolls
  5 adders
  2 adder skeletons (D:4)
  A worm (D:3)
  4 dart slugs
  8 orcs (D:3)
  10 endoplasms
  5 giant cockroaches
  8 goblins
  4 hobgoblins
  3 quokkas
  7 ball pythons
  4 bats
  3 frilled lizards
  5 kobolds
  7 rats
87 creatures vanquished.

Vanquished Creatures (others)
  A plant (D:3)
1 creature vanquished.

Grand Total: 88 creatures vanquished

Notes
Turn   | Place    | Note
-------+----------+-------------------------------------------
     0 | D:1      | Delamore the Formicid Fighter began the quest for the Orb.
     0 | D:1      | Reached XP level 1. HP: 18/18 MP: 1/1
   173 | D:1      | Reached XP level 2. HP: 10/24 MP: 2/2
   405 | D:1      | Found a faded altar of an unknown god.
   886 | D:1      | Reached XP level 3. HP: 27/30 MP: 3/3
  1025 | D:1      | Reached skill level 3 in Polearms
  1118 | D:1      | Reached XP level 4. HP: 31/37 MP: 4/4
  2068 | D:2      | Reached skill level 4 in Polearms
  2166 | D:2      | Reached XP level 5. HP: 42/42 MP: 5/5
  2908 | D:3      | Reached XP level 6. HP: 32/49 MP: 6/6
  3193 | D:4      | Reached skill level 5 in Polearms
  3300 | D:4      | Found an opulent altar of Gozag.
  3320 | D:4      | Found a glowing silver altar of Zin.
  3900 | D:4      | Reached skill level 5 in Fighting
  4040 | D:4      | Noticed an ogre
  4050 | D:4      | Killed an ogre
  4051 | D:4      | Reached skill level 6 in Polearms
  4051 | D:4      | Reached XP level 7. HP: 38/56 MP: 7/7
  4351 | D:4      | Splashed by a jelly's acid

Illustrated notes

Levels and vault maps discovered:
D:1:      psy_arrival_conway, layout_basic, hellmonk_ecumenical_altar_run_dry,
          minmay_distorted
D:2:      layout_basic, kennysheep_pointless_box, kennysheep_generic_room_2
D:3:      layout_rooms, minivault_24, serial_bayou_pond_a
D:4:      layout_layer_cave, lemuel_crystal_altar,
          nicolae_overflow_crystal_walls, zin_academy

Skill      XL: |  1  2  3  4  5  6 |
---------------+-------------------+-----
Polearms       | 3 4 6 |  6.1
Fighting       | 4 5 |  5.0
Armour         | |  3.2
Shields        | |  3.6

Action                   |  1- 3 |  4- 6 |  7- 9 || total
-------------------------+-------+-------+-------++-------
Melee: Trident           |    21 |       |       ||    21
       Dagger            |    41 |   157 |    20 ||   218
Throw: Dart              |       |     3 |       ||     3
 Abil: Dig               |       |     2 |       ||     2
  Use: Scroll            |     1 |     4 |       ||     5
Armor: Scale mail        |    16 |    44 |     5 ||    65
Dodge: Dodged            |    11 |    42 |     2 ||    55
Block: Kite shield       |    26 |    63 |    13 ||   102

Table legend: (Time is in decaauts)
 A = Elapsed time spent in this place.
 B = Non-inter-level travel time spent in this place.
 C = Inter-level travel time spent in this place.
 D = Time resting spent in this place.
 E = Time spent auto-exploring this place.
 F = Levels seen in this place.
 G = Mean time per level.
                   A        B        C        D        E       F      G
               +--------+--------+--------+--------+--------+-----+--------+
         Total |   4406 |   4293 |    113 |    483 |   3208 |   4 | 1101.5 |
       Dungeon |   4406 |   4293 |    113 |    483 |   3208 |   4 | 1101.5 |
               +--------+--------+--------+--------+--------+-----+--------+

Top non-repeatable levels by time:
     D:2: 1349 daAuts
     D:4: 1172 daAuts
     D:1: 1120 daAuts
     D:3: 763 daAuts
